 Dungeon Sprint DCSS version 0.30-a0-122-g2a1322497e (webtiles) character file.

Game seed: 12022414638885669593

25 mhtbhm the Digger (level 3, -1/19 HPs)
             Began as a Gargoyle Earth Elementalist on Sept 17, 2022.
             Slain by a water elemental (19 damage)
             ... in the Dungeon (Sprint III: "The Ten Rune Challenge").
             The game lasted 00:00:56 (316 turns).

mhtbhm the Digger (Gargoyle Earth Elementalist)      Turns: 316, Time: 00:00:57

Health: -1/19      AC:  5    Str: 11    XL:     3   Next: 6%
Magic:  6/8        EV: 12    Int: 17    God:
Gold:   12         SH:  0    Dex: 10    Spells: 3/9 levels left

rFire   . . .      SeeInvis .    (no weapon)
rCold   . . .      Faith    .    (no shield)
rNeg    + . .      Spirit   .    a - +0 robe
rPois   ∞          Reflect  .    (no helmet)
rElec   +          Harm     .    (no cloak)
rCorr   .          Rampage  .    (no gloves)
Will    .....      NoTele   +    (no boots)
Stlth   ++........               (no amulet)
HPRegen 0.06/turn                (no ring)
MPRegen 0.11/turn                (no ring)

@: engulfed
A: sickness immunity, AC +3, negative energy resistance 1, electricity
resistance, torment resistance 1, petrification resistance
a: no special abilities


You were in the Dungeon.
You visited 1 branch You collected 12 gold pieces.

Inventory:

Armour
 a - a +0 robe (worn)
Scrolls
 g - a scroll of blinking
 h - 3 scrolls of identify {unknown}
 j - a scroll of immolation {unknown}
 k - a scroll of torment {unknown}
Potions
 b - 3 potions of magic
 c - 2 potions of curing
 d - 2 potions of heal wounds
 e - a potion of haste
 f - 4 potions of mutation {unknown}
 i - a potion of might {unknown}
 l - 2 potions of flight


   Skills:
 + Level 2.1 Dodging
 + Level 2.7 Stealth
 + Level 0.7 Unarmed Combat
 + Level 3.7 Spellcasting
 + Level 0.9 Transmutations
 + Level 5.7 Earth Magic


You had 3 spell levels left.
You knew the following spells:

 Your Spells              Type           Power      Damage    Failure   Level
a - Sandblast             Erth           44%        2d11      1%          1
b - Passwall              Tmut/Erth      11%        N/A       6%          2
c - Stone Arrow           Conj/Erth      26%        3d8       16%         3

Your spell library contained the following spells:

 Spells                   Type           Power      Damage    Failure   Level
 Petrify                  Tmut/Erth      14%        N/A       38%         4


Dungeon Overview and Level Annotations

Branches:
Dungeon (1/1)

Altars:


Innate Abilities, Weirdness & Mutations

You are immune to sickness and miasma.
Your stone body is resilient. (AC +3)
You are immune to poison.
You resist negative energy. (rN+)
You are resistant to electric shocks. (rElec)
You are resistant to unholy torment.
You are immune to petrification.


Message History

Unknown command.
Unknown command.
This spell is extremely dangerous to cast!
Memorise Stone Arrow, consuming 3 spell levels and leaving 3?
You start memorising the spell.
You continue memorising. x3
You finish memorising.
Spell assigned to 'c'.
Unknown command.
You start resting.
Magic restored.
As you open the door, it creaks loudly!
A water elemental comes into view.
Casting: Sandblast (safe; 1% risk of failure)
Confirm with . or Enter, or press ? or * to list all spells.
The spell is extremely dangerous to miscast (16% risk of failure)!
Continue anyway?
Okay, then.
Unknown command.
Casting: Stone Arrow (extremely dangerous; 16% risk of failure)
Confirm with . or Enter, or press ? or * to list all spells.
You don't know that spell.
Unknown command.
Unknown command.
Casting: Stone Arrow (extremely dangerous; 16% risk of failure)
Confirm with . or Enter, or press ? or * to list all spells.
Aiming: Sandblast (safe; 1% risk of failure)
Press: ? - help, Shift-Dir - straight line, f - water elemental
Aim: a water elemental (90% to hit)
The blast of sand hits the water elemental!
The water elemental is heavily damaged.
The water elemental hits you.
The water elemental engulfs you in water!
Casting: Sandblast (safe; 1% risk of failure)
Confirm with . or Enter, or press ? or * to list all spells.
Aiming: Sandblast (safe; 1% risk of failure)
Press: ? - help, Shift-Dir - straight line, f/p - water elemental
Aim: a water elemental (heavily damaged, 90% to hit)
The blast of sand hits the water elemental!
The water elemental is almost destroyed.
The water elemental hits you!!
Ouch! That really hurt!
You die...

▓▓▓▓▓▓▓▓ ▓▓▓ <..#...####
##.# ...#......#####..#
..##....÷..#..#..#
##.##.##...#..#..# #+#+#
##.##.###..##'#..#......
#.####.##..###..@E.⌠....
.###†.##..####...#...###
#.....##..# #....# ⌠.#
###..##...##.....# .#
##..##....#......# #
#..###..##.#.....# #..#
#..#####....# ▓▓▓▓ ▓▓▓▓
▓▓▓▓▓▓


You could see a water elemental.

Vanquished Creatures
  A human (D)
  A phantom (D)
  4 rats (D)
6 creatures vanquished.

Notes
Turn   | Place    | Note
-------+----------+-------------------------------------------
     0 | D        | mhtbhm the Gargoyle Earth Elementalist began the quest for
                  | the Orb.
     0 | D        | Reached XP level 1. HP: 10/10 MP: 3/3
    44 | D        | Reached skill level 4 in Earth Magic
   147 | D        | Reached skill level 5 in Earth Magic
   147 | D        | Reached XP level 2. HP: 12/15 MP: 1/6
   262 | D        | Learned a level 2 spell: Passwall
   293 | D        | Reached XP level 3. HP: 19/19 MP: 6/8
   297 | D        | Learned a level 3 spell: Stone Arrow
   314 | D        | Noticed a water elemental
   316 | D        | Slain by a water elemental

Illustrated notes

Levels and vault maps discovered:
D:        dungeon_sprint_mu [sprint_mu_entry_cave, sprint_mu_temple_rooms,
          sprint_mu_d1_spiders, sprint_mu_d2_genie, sprint_mu_d3_branching,
          sprint_mu_orc_legion, sprint_mu_elf_gauntlet, sprint_mu_hive_nellie,
          sprint_mu_lair_fedhas, sprint_mu_vaults_butterflies,
          sprint_mu_slime_circle, sprint_mu_swamp_cave, sprint_mu_snake_twists,
          sprint_mu_blade_basic, sprint_mu_crypt_lich, sprint_mu_tomb_spiral,
          sprint_mu_vestibule_basic, sprint_mu_gehenna_hellfire,
          sprint_mu_dis_giant, sprint_mu_tartarus_statrot,
          sprint_mu_cocytus_islands, sprint_mu_zot1]

Skill      XL: |  1 |
---------------+----+-----
Earth Magic    | 5 |  5.7
Spellcasting   | 3 |  3.7
Dodging        | 2 |  2.1
Stealth        | |  2.7
Unarmed Combat | |  0.7
Transmutations | |  0.9

Action                   || total
-------------------------++-------
Melee: Unarmed           ||    11
 Cast: Sandblast         ||    12
       Passwall          ||     1
  Use: Potion            ||     1
Armor: Robe              ||     4
Dodge: Dodged            ||     8

Table legend: (Time is in decaauts)
 A = Elapsed time spent in this place.
 B = Non-inter-level travel time spent in this place.
 C = Inter-level travel time spent in this place.
 D = Time resting spent in this place.
 E = Time spent auto-exploring this place.
 F = Levels seen in this place.
 G = Mean time per level.
                   A        B        C        D        E       F      G
               +--------+--------+--------+--------+--------+-----+--------+
         Total |    332 |    332 |      0 |    207 |     24 |   1 |  332.0 |
       Dungeon |    332 |    332 |      0 |    207 |     24 |   1 |  332.0 |
               +--------+--------+--------+--------+--------+-----+--------+

Top non-repeatable levels by time:
       D: 332 daAuts
